 Dungeon Crawl Stone Soup version 0.14-a0-1761-gdbd231b (webtiles) character file.

150 Nicoed the Skirmisher (level 4, -1/40 HPs)
             Began as a Minotaur Berserker on Jan 4, 2014.
             Was a Believer of Trog.
             Slain by katzbalger's ghost (7 damage)
             ... on Level 3 of the Dungeon.
             The game lasted 00:03:11 (1108 turns).

Nicoed the Skirmisher (Minotaur Berserker)          Turns: 1108, Time: 00:03:12

HP  -1/40        AC  6     Str 22      XL: 4   Next: 11%
MP   2/2         EV 10     Int  4      God: Trog [**....]
Gold 75          SH  0     Dex 10      Spells:  0 memorised,  3 levels left

rFire  . . .     SeeInvis .     f - +3,+0 elf spear
rCold  . . .     Clarity  .     l - +0 ring mail
rNeg   . . .     Conserve .     (no shield)
rPois  .         rCorr    .     (helmet restricted)
rElec  .         rRot     .     (no cloak)
SustAb . .       Spirit   .     (no gloves)
rMut   .         Warding  .     m - +0 pair of boots
Saprov . . .     Stasis   .     (no amulet)
                                (no ring)
                                (no ring)

@: exhausted, slowed, drained, very slow, slightly resistant to hostile
enchantments, extremely unstealthy
A: retaliatory headbutt, horns 2
a: Burn Spellbooks, Berserk, Trog's Hand, Renounce Religion


You were on level 3 of the Dungeon.
You worshipped Trog.
Trog was pleased with you.
You were near starving.

You visited 1 branch of the dungeon, and saw 3 of its levels.

You collected 75 gold pieces.

Inventory:

Hand weapons
 f - a +3,+0 elven spear (weapon)
Armour
 l - a +0 ring mail (worn)
 m - a +0 pair of boots (worn)
Comestibles
 c - 2 bread rations
 h - 2 meat rations
Scrolls
 a - a scroll of enchant armour {unknown}
 b - a scroll of curse jewellery {unknown}
 e - a scroll of curse weapon {unknown}
 g - a scroll of recharging {unknown}
 j - a scroll of teleportation {unknown}
 k - a scroll of fear {unknown}
 o - a scroll of amnesia {unknown}
 p - a scroll of identify {unknown}
 q - a scroll of remove curse {unknown}
Potions
 d - 2 potions of curing {unknown}
 i - a potion of magic {unknown}
 n - 2 potions of mutation {unknown}


   Skills:
 + Level 4.2(4.0) Fighting
   Level 3.9(3.7) Axes
 + Level 1.9(1.7) Polearms
 + Level 3.4(3.2) Armour
 + Level 3.3(3.1) Dodging


You had 3 spell levels left.
You didn't know any spells.

Dungeon Overview and Level Annotations

Branches:
Dungeon (3/16)

Altars:

Annotations:
D:3 katzbalger's ghost, average FoFi


Innate Abilities, Weirdness & Mutations

You reflexively headbutt those who attack you in melee.
You have a pair of horns on your head.


Message History

You hit katzbalger's ghost but do no damage.
You headbutt katzbalger's ghost, but do no damage.
Katzbalger's ghost is severely damaged.
You hit katzbalger's ghost.
Katzbalger's ghost is almost destroyed.
Katzbalger's ghost hits you but does no damage.
Unknown command.
You closely miss katzbalger's ghost.
Your headbutt misses katzbalger's ghost.
Katzbalger's ghost is almost destroyed.
You are no longer berserk.
You are exhausted.
You feel yourself slow down.
You are near starving!
Katzbalger's ghost hits you!
* * * LOW HITPOINT WARNING * * *
You hit katzbalger's ghost but do no damage.
Katzbalger's ghost is almost destroyed.
Katzbalger's ghost hits you!
You die...

+...................
###......#.####....#
#).....#.# #....#
#......#.# ######
#......#.#
#......#.#
#.######.. #)# ###
#@# ## #p# .. #o# ..
#o# .o.......#
.....<..# o..o....#
........# .o.....#


You could see an orc wizard, katzbalger's ghost and an orc.

Vanquished Creatures
  An orc wizard (D:3)
  An adder (D:2)
  2 giant geckos (D:1)
  An orc (D:3)
  3 bats
  A bat skeleton (D:3)
  2 giant cockroaches (D:2)
  4 hobgoblins
  3 jackals
  4 kobolds
  2 giant newts
  6 goblins
  3 rats
33 creatures vanquished.

Notes
Turn   | Place    | Note
--------------------------------------------------------------
     0 | D:1      | Nicoed, the Minotaur Berserker, began the quest for the Orb.
     0 | D:1      | Reached XP level 1. HP: 19/19 MP: 1/1
   170 | D:1      | Reached XP level 2. HP: 17/27 MP: 1/1
   416 | D:1      | Acquired Trog's second power
   533 | D:2      | Reached skill level 4 in Fighting
   533 | D:2      | Reached XP level 3. HP: 33/33 MP: 2/2
   847 | D:2      | Reached skill level 1 in Polearms
  1079 | D:3      | Noticed katzbalger's ghost (average FoFi)
  1094 | D:3      | Reached XP level 4. HP: 40/40 MP: 2/2
  1108 | D:3      | Slain by katzbalger's ghost

Action                   |  1- 3 |  4- 6 || total
-------------------------+-------+-------++-------
Melee: Hand axe          |    20 |       ||    20
       Spear             |    49 |    13 ||    62
Invok: Berserk           |     1 |       ||     1
 Stab: Sleeping          |     1 |       ||     1
